cohdb
Replays
Latest Replays
All Replays
Popular Replays
Top Player Replays
Match Explorer
How It Works
Community
CoH3 Stats
Reddit
Sign in to upload your games and track your stats! →
Sign in with Steam
Match 45326684
Unlisted
Match 45326684
Overview
Messages
Build Orders
End
Construct Barracks
Riflemen Squad
Riflemen Squad
Grenade Package
Riflemen Squad
Mechanized Support Center
Construct Motor Pool
Engineer Squad
Selects Armored Battlegroup
Selects Armored Battlegroup
Selects Veteran Crews
Selects Strength in Steel
M8 Greyhound Armored Car
Construct Medical Station
M24 Chaffee Light Tank
Selects M8 Scott SPG
M8 Scott SPG
Engineer Squad
Designate Forward Repair Station
M1918 Browning Automatic Rifles
M1 Anti-tank Gun Team
saint087
Obsidian sand
.
子清
我真的不是驴
THE one-冰封夕阳
楚云飞
밥똥콯
0
0
Comments
sign in to comment!
No comments posted yet!